 Dungeon Crawl Stone Soup version 0.20.1-1-g8b1a95d (webtiles) character file.

495 Gargoyl the Covered (level 6, -7/56 HPs)
             Began as a Minotaur Abyssal Knight on Sept 11, 2017.
             Was a Priest of Lugonu.
             Mangled by a river rat (8 damage)
             ... on level 4 of the Dungeon.
             The game lasted 00:07:01 (3467 turns).

Gargoyl the Covered (Minotaur Abyssal Knight)       Turns: 3467, Time: 00:07:01

Health: -7/56      AC:  7    Str: 17    XL:     6   Next: 92%
Magic:  7/7        EV: 11    Int:  9    God:    Lugonu [***...]
Gold:   180        SH:  0    Dex: 11    Spells: 5/5 levels left

rFire    . . .     SeeInvis .   a - +2 hand axe
rCold    . . .     Gourm    .   (no shield)
rNeg     . . .     Faith    .   e - +0 ring mail
rPois    .         Spirit   .   (helmet restricted)
rElec    .         Reflect  .   d - +0 cloak
rCorr    .         Harm     .   (no gloves)
MR       .....                  (no boots)
Stlth    +.........             (no amulet)
Regen    0.2/turn               (no ring)
MPRegen  0.1/turn               (no ring)

@: lethally poisoned (-7 -> -8)
A: retaliatory headbutt, horns 2
a: Depart the Abyss, Bend Space, Banish, Renounce Religion


You were on level 4 of the Dungeon.
You worshipped Lugonu.
Lugonu was most pleased with you.
You were not hungry.

You visited 1 branch of the dungeon, and saw 4 of its levels.
You visited the Abyss 1 time.

You collected 180 gold pieces.

Inventory:

Hand Weapons
 a - a +2 hand axe (weapon)
Armour
 d - a +0 cloak (worn)
 e - a +0 ring mail (worn)
Jewellery
 p - an uncursed ring of positive energy {unknown}
Wands
 h - a wand of iceblast (11/15)
Scrolls
 g - 2 scrolls of immolation
 i - a scroll of identify
 o - a scroll of recharging
Potions
 b - a potion of curing
 k - a potion of agility
 l - 2 potions of degeneration {unknown}
Comestibles
 c - 4 bread rations
 f - 3 meat rations
 j - a chunk of flesh
 m - a royal jelly


   Skills:
 + Level 5.0 Fighting
 + Level 5.0 Axes
 * Level 5.4 Armour
 + Level 2.6 Dodging
 * Level 3.2 Invocations
 + Level 0.1 Evocations


You had 5 spell levels left.
You didn't know any spells.

Dungeon Overview and Level Annotations

Branches:
Dungeon (4/15)
 Temple: D:4-7

Altars:
Ashenzari
Fedhas
Hepliaklqana
Makhleb
Uskayaw
Vehumet
Zin

Shops:
D:4 %


Innate Abilities, Weirdness & Mutations

You reflexively headbutt those who attack you in melee.
You have a pair of horns on your head.


Message History

The river rat barely misses you. You furiously retaliate!
You headbutt the river rat.
You kill the river rat!
Lugonu accepts your kill. The river rat closely misses you.
Unknown command.
You feel sick.
The river rat bites you but does no damage.
You see here a river rat corpse.
Unknown command.
The river rat bites you!
* * * LOW HITPOINT WARNING * * *
You hit the river rat but do no damage. You headbutt the river rat.
The river rat is almost dead.
The river rat bites you.
* * * LOW HITPOINT WARNING * * *
You hit the river rat but do no damage.
The river rat is almost dead.
The river rat bites you!
You die...

#.## #......... #..#
#....8.... ###
##.#+#####!........ ##
#...........?.....
⌠#######.......†.###
.+..............†..#####
⌠#####...>......†..#r≈≈#
+### #....#####†r.≈#≈#≈#
.# #....# #@..≈#†#r# .#
#....# #..≈≈≈≈#r≈
.######...## ##..≈#≈#≈##
..........# #..≈≈≈#≈≈
#.###...#.# #...#≈###
..###.###.# #..≈≈≈#
#.....###.. ....≈≈#
#........##. #...####
#..<........# ####


You could see a river rat.

Vanquished Creatures
  A water moccasin (D:3)
  The ghost of Volvorun the Slasher, an amateur HuCK of Xom (D:3)
  A bullfrog skeleton (D:4)
  3 worker ants (D:4)
  Robin (D:3)
  5 adders
  5 river rats (D:4)
  An adder zombie (D:4)
  3 worms
  4 leopard geckos
  2 giant cockroaches
  15 goblins
  14 hobgoblins
  8 jackals
  15 kobolds
  2 ball pythons
  8 bats
  6 frilled lizards
  9 rats
104 creatures vanquished.

Vanquished Creatures (others)
  2 starspawn tentacles (Abyss:2)
2 creatures vanquished.

Grand Total: 106 creatures vanquished

Notes
Turn   | Place    | Note
-------+----------+-------------------------------------------
     0 | Abyss:1  | Gargoyl the Minotaur Abyssal Knight began the quest for the Orb.
     0 | Abyss:1  | Reached XP level 1. HP: 19/19 MP: 1/1
    26 | Abyss:2  | Noticed a starcursed mass
    31 | Abyss:2  | Noticed a large abomination
    36 | Abyss:2  | Noticed a smoke demon
    41 | Abyss:2  | Noticed a tentacled starspawn
    54 | Abyss:2  | Noticed a hungry ghost
   115 | Abyss:4  | Noticed a wretched star
   116 | D:1      | Escaped the Abyss
   459 | D:1      | Reached XP level 2. HP: 27/27 MP: 2/2
   537 | D:1      | Reached * piety under Lugonu
   900 | D:1      | Reached XP level 3. HP: 33/33 MP: 3/3
  1218 | D:2      | Found a glowing silver altar of Zin.
  1342 | D:2      | Reached ** piety under Lugonu
  1546 | D:2      | Reached XP level 4. HP: 40/40 MP: 4/4
  1597 | D:2      | Noticed a dagger
  1597 | D:2      | Noticed a dagger
  1602 | D:2      | Found a hide-covered altar of Uskayaw.
  2092 | D:3      | Noticed Volvorun's ghost (amateur HuCK)
  2134 | D:3      | Killed Volvorun's ghost
  2134 | D:3      | Reached XP level 5. HP: 46/47 MP: 2/5
  2417 | D:2      | Found a hazy altar of Hepliaklqana.
  2486 | D:3      | Noticed Robin
  2501 | D:3      | Killed Robin
  2713 | D:3      | Noticed a water moccasin
  2718 | D:3      | Killed a water moccasin
  2718 | D:3      | Reached XP level 6. HP: 53/53 MP: 7/7
  2741 | D:3      | Found a blossoming altar of Fedhas.
  2770 | D:3      | Found a radiant altar of Vehumet.
  2858 | D:3      | Reached *** piety under Lugonu
  2869 | D:3      | Reached skill level 5 in Armour
  3029 | D:3      | Found a burning altar of Makhleb.
  3038 | D:4      | Found a shattered altar of Ashenzari.
  3407 | D:4      | Found Ybosan's Food Emporium.
  3411 | D:4      | Reached skill level 5 in Fighting
  3436 | D:4      | Reached skill level 5 in Axes
  3466 | D:4      | HP: 1/56 [river rat (6)]
  3467 | D:4      | Mangled by a river rat

Skill      XL: |  1  2  3  4  5  6 |
---------------+-------------------+-----
Fighting       | 4 5 |  5.0
Armour         | 3 4 5 |  5.4
Invocations    | 2 3 |  3.2
Axes           | 3 4 5 |  5.0
Dodging        | 2 |  2.6
Evocations     | |  0.1

Action                   |  1- 3 |  4- 6 || total
-------------------------+-------+-------++-------
Melee: Hand axe          |   100 |   153 ||   253
       Headbutt          |    19 |    17 ||    36
Invok: Depart the Abyss  |     1 |       ||     1
Evoke: Wand              |     1 |       ||     1
  Use: Scroll            |     6 |     4 ||    10
       Potion            |     2 |     2 ||     4
  Eat: Chunk             |     1 |     7 ||     8
Armor: Ring mail         |    53 |    63 ||   116
       Skin              |       |     4 ||     4
Dodge: Dodged            |    60 |   106 ||   166
